 Dungeon Crawl Stone Soup version 0.31-a0-460-g9e667d4245 (webtiles) character file.

Game seed: 18064937005323631558

11 RepHenryClay the Sneak (level 2, -4/23 HPs)
             Began as a Vampire Delver on Aug 5, 2023.
             Slain by a gnoll
             ... wielding a +0 whip
             ... led by a gnoll bouda
              (5 damage)
             ... on level 4 of the Dungeon.
             The game lasted 00:00:54 (119 turns).

RepHenryClay the Sneak (Vampire Delver)              Turns: 119, Time: 00:00:55

Health: -4/23      AC:  3    Str: 11    XL:     2   Next: 13%
Magic:  2/2        EV: 12    Int: 12    God:
Gold:   0          SH:  0    Dex: 15    Spells: 1/1 levels left

rFire   . . .        a - +0 falchion
rCold   . . .        (no shield)
rNeg    . . .        b - +0 leather armour
rPois   .            (no helmet)
rElec   .            (no cloak)
rCorr   .            (no gloves)
SInv    +            (no boots)
Will    .....        (no amulet)
Stlth   +++          (no ring)
HPRegen 0.43/turn    (no ring)
MPRegen 0.08/turn

%: no passive effects
@: healing quickly
A: alive, fangs 3, see invisible, vampiric 1
a: Exsanguinate


You were on level 4 of the Dungeon.
You visited 2 branches of the dungeon, and saw 3 of its levels.

Inventory:

Hand Weapons
 a - a +0 falchion (weapon)
Armour
 b - a +0 leather armour (worn)
Wands
 g - a wand of digging (3)
Scrolls
 c - a scroll of fog
 d - a scroll of revelation
 e - a scroll of fear
Potions
 f - a potion of haste


   Skills:
 + Level 2.8 Fighting
 + Level 2.2 Long Blades
 + Level 2.4 Dodging
 + Level 7.4 Stealth


You had one spell level left.
You didn't know any spells.
Your spell library was empty.

Dungeon Overview and Level Annotations

Branches:
Dungeon (5/15)             Temple (1/1) D:4

Altars:
Ashenzari
Cheibriados
Dithmenos
Fedhas
Gozag
Hepliaklqana
Kikubaaqudgha
Makhleb
Nemelex Xobeh
Ru
Sif Muna
Trog
Uskayaw
Vehumet
Wu Jian
Xom
Yredelemnul

Shops:
D:4 *(


Innate Abilities, Weirdness & Mutations

Your natural rate of healing is accelerated.
You have razor-sharp teeth.
You have supernaturally acute eyesight. (SInv)
You are afflicted with vampirism.


Message History

A gnoll comes into view. It is wielding a +0 spear.
There is a staircase to the Ecumenical Temple, spattered with blood here.
Huge Dmg: -26%(-6hp) hp: 74%(17hp)
A howler monkey comes into view.
The howler monkey howls!
The gnoll barely misses you.
You bump into the stone wall.
The howler monkey hoots and howls with incredible vigour!
The gnoll bouda barks out a call to the hunt!
The gnolls pick up the pace!
The gnoll barely misses you.
The howler monkey hoots and howls with incredible vigour!
Unknown command.
The gnoll hits you from afar with a +0 spear.
Damage: -17%(-4hp) hp: 83%(19hp)
You bump into the stone wall.
The gnoll hits the plant with a +0 halberd!
The plant begins to die.
The gnoll hits the plant with a +0 halberd!
The gnoll misses you. The gnoll closely misses you.
Unknown command.
The gnoll attacks as you move away! The gnoll hits you with a +0 whip.
Found a stone staircase leading down.
You feel less invigorated.
You feel less confused.
An iguana comes into view.
The gnoll hits you with a +0 whip.
Huge Dmg: -21%(-5hp) hp: 79%(18hp)
Found a leather armour.
The gnoll attacks as you move away! The gnoll completely misses you.
The gnoll hits you with a +0 whip.
The iguana hisses angrily.
Damage: -13%(-3hp) hp: 70%(16hp)
The gnoll attacks as you move away! The gnoll barely misses you.
Found a falchion and a ring mail.
The iguana bites you!
* * * LOW HITPOINT WARNING * * *
Huge Dmg: -48%(-11hp) hp: 22%(5hp)
The iguana attacks as you move away! The iguana bites you.
* * * LOW HITPOINT WARNING * * *
The gnoll attacks as you move away! The gnoll hits you with a +0 whip.
You die...

#..##.#
....g.#.#.###.##[#.....
.................#..... .
#)#.#...#........#.......
#.#.#.###................
#.#.#.###.##.##.........
#$#.#.##...#....>.. .)
#.#.#....P.P.###l##.#
......#.##.##...g@..#
####....#g..#P.###.##
#....ggggg..# ..8
#...P#?.h#P## .###
#....##.##..# ..
...#.#..P.P##.# [#
##.#<...#.....# ..
#...#.##.#.### .#
###.#...!#..


You could see a gnoll bouda, an iguana and 3 gnolls.

Vanquished Creatures
  An adder (D:4)
  An orc (D:4)
2 creatures vanquished.

Notes
Turn   | Place    | Note
-------+----------+-------------------------------------------
     0 | D:5      | RepHenryClay the Vampire Delver began the quest for the
                  | Orb.
     0 | D:5      | Reached XP level 1. HP: 17/17 MP: 1/1
     9 | D:4      | Reached XP level 2. HP: 23/23 MP: 2/2
    21 | D:4      | Found Loty's General Store.
    32 | D:4      | Found Wim Fihu's Weapon Boutique.
    63 | D:4      | Found a staircase to the Ecumenical Temple.
    73 | Temple   | Entered the Ecumenical Temple
   110 | D:4      | Noticed a howler monkey
   119 | D:4      | HP: 1/23 [iguana (4)]
   119 | D:4      | Slain by a gnoll

Illustrated notes

Levels and vault maps discovered:
D:4:      layout_basic, minmay_temple_entry_gardened_gates,
          portal_sewer_entry_f, minmay_misc_feat_hallway,
          nicolae_wooded_promenade, minmay_misc_feat_rows, minmay_hedge_maze
D:5:      layout_gridville, uniq_sigmund
Temple:   nicolae_temple_slightly_damp_pantheon

Action                     || total
---------------------------++-------
  Melee: Falchion          ||     2
    Use: Potion            ||     1
   Stab: Sleeping          ||     2
 Armour: Leather armour    ||     3
  Dodge: Dodged            ||     9

Table legend: (Time is in decaauts)
 A = Elapsed time spent in this place.
 B = Non-inter-level travel time spent in this place.
 C = Inter-level travel time spent in this place.
 D = Time resting spent in this place.
 E = Time spent auto-exploring this place.
 F = Levels seen in this place.
 G = Mean time per level.
                   A        B        C        D        E       F      G
               +--------+--------+--------+--------+--------+-----+--------+
         Total |    119 |    119 |      0 |     33 |      2 |   3 |   39.7 |
       Dungeon |     83 |     83 |      0 |      0 |      2 |   2 |   41.5 |
        Temple |     35 |     35 |      0 |     33 |      0 |   1 |   35.0 |
               +--------+--------+--------+--------+--------+-----+--------+

Top non-repeatable levels by time:
     D:4: 78 daAuts
  Temple: 35 daAuts
     D:5: 5 daAuts
